 Dungeon Crawl Stone Soup version 0.21.1-1-g345015f (webtiles) character file.

19684 Kagorn the Fighter (level 12, -1/80 HPs)
             Began as a Gargoyle Fighter on June 22, 2018.
             Was a Priest of Makhleb.
             Slain by an ettin
             ... wielding a +0 dire flail
              (35 damage)
             ... on level 1 of the Orcish Mines.
             The game lasted 01:26:41 (13625 turns).

Kagorn the Fighter (Gargoyle Fighter)              Turns: 13625, Time: 01:26:45

Health: -1/80      AC: 25    Str: 22    XL:     12   Next: 71%
Magic:  12/12      EV: 11    Int: 13    God:    Makhleb [***...]
Gold:   626        SH: 12    Dex: 16    Spells: 11/11 levels left

rFire    + . .     SeeInvis .   b - +9 hand axe "Ronleng" {drain, *Corrode +Fly Int+2 Dex+2}
rCold    + . .     Gourm    +   T - +0 shield
rNeg     + . .     Faith    .   H - +1 chain mail {MR+}
rPois    ∞         Spirit   .   p - +0 helmet
rElec    +         Reflect  .   y - scarf {rC+ rF+}
rCorr    .         Harm     .   S - +0 pair of gloves
MR       ++...                  R - +0 pair of boots
Stlth    ++........             v - amulet of the gourmand
HPRegen  0.23/turn              e - +4 ring of dexterity
MPRegen  0.13/turn              l - ring of protection from magic

@: no status effects
A: negative energy resistance 1, electricity resistance, unbreathing,
petrification resistance, rot immunity, AC +8
a: Minor Destruction, Lesser Servant of Makhleb, Renounce Religion, Evoke Flight


You were on level 1 of the Orcish Mines.
You worshipped Makhleb.
Makhleb was most pleased with you.
You were full.

You visited 3 branches of the dungeon, and saw 13 of its levels.
You also visited: Sewer.

You collected 725 gold pieces.
You spent 99 gold pieces at shops.

Inventory:

Hand Weapons
 a - a +4 quick blade
 b - the +9 hand axe "Ronleng" (weapon) {drain, *Corrode +Fly Int+2 Dex+2}
   (You found it on level 6 of the Dungeon)

   A truly terrible weapon, it drains the life of those it strikes.
   It affects your intelligence (+2).
   It affects your dexterity (+2).
   It lets you fly.
   It may corrode you when you take damage.
 r - a +1 scimitar of flaming
 E - the +1 rapier "Pubiros" {venom, +Rage rC- MR+ Str+2}
   (You found it in a sewer)

   It poisons the flesh of those it strikes.
   It affects your strength (+2).
   It makes you vulnerable to cold.
   It affects your resistance to hostile enchantments.
   It lets you go berserk.
 U - the +1 dagger "Aqacsu Tivicw" {flame, Str+7 Dex-2}
   (You found it on level 8 of the Dungeon)

   It has been specially enchanted to burn those struck by it, causing extra
   injury to most foes and up to half again as much damage against particularly
   susceptible opponents.
   It affects your strength (+7).
   It affects your dexterity (-2).
 Y - the +4 hand crossbow "Ruofulan" {freeze, rElec}
   (You found it on level 10 of the Dungeon)

   It causes projectiles fired from it to freeze those they strike, causing
   extra injury to most foes and up to half again as much damage against
   particularly susceptible opponents.
   They can also slow down cold-blooded creatures.
   It insulates you from electricity.
Armour
 h - a +0 pair of gloves
 k - a +0 cloak
 p - a +0 helmet (worn)
 y - a scarf of resistance (worn)
 H - a +1 chain mail of magic resistance (worn)
 R - a +0 pair of boots (worn)
 S - a +0 pair of gloves (worn)
 T - a +0 shield (worn)
Magical Staves
 Z - an uncursed staff of wizardry
Jewellery
 e - a +4 ring of dexterity (left hand)
 l - a ring of protection from magic (right hand)
 o - a cursed +4 amulet of reflection {unknown}
 v - an amulet of the gourmand (around neck)
 B - an uncursed ring of protection from cold
 J - an uncursed ring of positive energy
 W - an uncursed ring of ice
Wands
 j - a wand of paralysis (13)
 n - a wand of acid (5)
 N - a wand of iceblast (9)
Scrolls
 c - 2 scrolls of fog
 g - 4 scrolls of remove curse
 m - a scroll of enchant armour {unknown}
 t - a scroll of immolation
 w - 6 scrolls of teleportation
 F - 2 scrolls of amnesia
 M - 2 scrolls of magic mapping
 Q - 2 scrolls of identify
Potions
 d - 6 potions of might
 q - a potion of berserk rage
 s - a potion of haste
 u - 4 potions of mutation
 z - a potion of flight
 A - a potion of magic {unknown}
 C - a potion of agility
 D - a potion of degeneration {unknown}
 G - a potion of resistance
 I - a potion of heal wounds
 K - a potion of brilliance {unknown}
 L - a potion of curing
Books
 X - Sif Muna's Tome of Air
   (You found it on level 10 of the Dungeon)

   Spells                             Type                      Level
   a - Static Discharge               Conjuration/Air              3
   b - Mephitic Cloud                 Conjuration/Poison/Air       3
   c - Airstrike                      Air                          4
   d - Deflect Missiles               Charms/Air                   6
Comestibles
 f - 26 rations


   Skills:
 * Level 11.6 Fighting
 - Level 2.0(5.1) Short Blades
 - Level 7.4(7.5) Long Blades
 * Level 5.7 Axes
 + Level 9.4 Armour
 + Level 6.7 Dodging
 * Level 10.2 Stealth
 + Level 9.6 Shields


You had 11 spell levels left.
You didn't know any spells.

Dungeon Overview and Level Annotations

Branches:
Dungeon (11/15)            Temple (1/1) D:6             Orc (1/2) D:10
   Lair: D:8-11

Altars:
Ashenzari
Cheibriados
Dithmenos
Elyvilon
Fedhas
Gozag
Hepliaklqana
Kikubaaqudgha
Makhleb
Nemelex Xobeh
Okawaru
Qazlal
Ru
Sif Muna
Trog
Uskayaw
Vehumet
Wu Jian
Xom
Yredelemnul
Zin
The Shining One

Shops:
D:7 [   Orc:1 [

Annotations:
D:11 Amon001's ghost, journeyman DrCj; n0claF's ghost, journeyman MiGl
Orc:1 Nergalle


Innate Abilities, Weirdness & Mutations

You are resistant to torment.
Your stone body is resilient. (AC +8)
You are immune to poison.
You resist negative energy. (rN+)
You are resistant to electric shocks. (rElec)
You can survive without breathing.
You are immune to petrification.
You are immune to rotting.


Message History

Beogh smites you!
You hit the ettin but do no damage.
The ettin is lightly wounded.
You hit the orc warlord but do no damage.
You barely miss the spectral orc knight.
You hit the spectral orc warlord but do no damage.
The orc warlord closely misses you. You block the ettin's attack.
The ettin hits you with a dire flail!
The spectral orc warlord hits you but does no damage.
You block the orc priest's attack.
You block the spectral orc knight's attack.
An orc comes into view. It is wielding a war axe.
You hit the ettin.
The ettin is lightly wounded.
You hit the spectral orc warlord but do no damage.
You hit the spectral orc knight but do no damage.
You closely miss the orc warlord.
The orc warlord hits you with a broad axe.
You block the ettin's attack. The ettin hits you with a dire flail!!
You die...

##.....## #..o....#
## ##......##
##.##..o....#
#...#o.o....##
###......h.....##
#.....ooo...#.#.##
......ZCo........#
#......@Zo....#..#
###...............#
#....#........#.##
##...........## #
##......##.##
##..#.##### ######


You could see an orc warlord, an ettin, Nergalle, a spectral orc knight, a
spectral orc warlord, a warg, 3 orc warriors, an orc priest and 3 orcs.

Vanquished Creatures
  The ghost of Squonk the Whirler, a journeyman HaHu of Okawaru (D:11)
  Erica (D:11)
  A two-headed ogre (D:11)
  2 centaur warriors (D:10)
  An ogre mage (D:10)
  Urug (D:10)
  A deep elf mage (D:11)
  2 gargoyles
  3 trolls (D:10)
  A tengu conjurer (D:10)
  A merfolk (D:9)
  The ghost of tidbits the Charmwright, an amateur GnSk (D:6)
  A queen bee (D:10)
  3 hornets
  4 hippogriffs
  22 yaks
  A wyvern (D:10)
  Sigmund (D:5)
  A water moccasin (D:9)
  Duvessa (D:6)
  2 porcupines
  Purgy (Sewer)
  3 sky beasts
  3 black bears
  An orc warrior (D:6)
  3 ice beasts
  2 necrophages
  4 phantoms
  10 ogres
  13 centaurs
  2 crocodiles
  A big kobold (D:10)
  3 bullfrogs
  A wyvern zombie (D:6)
  Dowan (D:6)
  4 scorpions
  2 jellies
  25 killer bees
  8 howler monkeys
  2 bullfrog zombies
  A centaur zombie (D:10)
  2 quasits (D:10)
  6 crimson imps
  2 hounds
  4 orc priests
  5 orc wizards
  5 bullfrog skeletons
  A gnoll shaman (D:8)
  2 centaur skeletons
  5 iguanas
  5 worker ants
  A hound zombie (D:8)
  2 hound skeletons
  2 worker ant zombies
  5 gnolls
  14 adders
  A river rat (D:5)
  An ooze (D:4)
  4 worms
  4 dart slugs (D:1)
  7 leopard geckos
  30 orcs
  4 ball pythons
  9 giant cockroaches
  6 goblins
  10 hobgoblins
  16 jackals
  8 kobolds
  5 quokkas
  7 bats
  3 frilled lizards
  2 goblin zombies (D:5)
  A leopard gecko skeleton (D:5)
  7 rats
  A plant (D:4)
329 creatures vanquished.

Vanquished Creatures (others)
  An ogre (D:11)
  9 fungi (D:11)
  A plant (D:11)
11 creatures vanquished.

Grand Total: 340 creatures vanquished

Notes
Turn   | Place    | Note
-------+----------+-------------------------------------------
     0 | D:1      | Kagorn the Gargoyle Fighter began the quest for the Orb.
     0 | D:1      | Reached XP level 1. HP: 14/14 MP: 1/1
   121 | D:1      | Reached XP level 2. HP: 19/19 MP: 2/2
   355 | D:1      | Reached XP level 3. HP: 24/24 MP: 3/3
   682 | D:2      | Reached XP level 4. HP: 27/29 MP: 4/4
   694 | D:2      | Found a stormy altar of Qazlal.
   734 | D:2      | Reached skill level 4 in Fighting
  1620 | D:3      | Reached XP level 5. HP: 30/33 MP: 5/5
  1667 | D:3      | Reached skill level 1 in Dodging
  1683 | D:3      | Found a radiant altar of Vehumet.
  1996 | D:4      | Noticed an ogre
  2028 | D:3      | Reached skill level 7 in Fighting
  2028 | D:3      | Reached skill level 5 in Long Blades
  2028 | D:3      | Reached XP level 6. HP: 44/44 MP: 6/6
  2034 | D:3      | Reached skill level 8 in Fighting
  2034 | D:3      | Reached skill level 5 in Dodging
  2034 | D:3      | Reached skill level 5 in Stealth
  2034 | D:3      | Reached XP level 7. HP: 50/50 MP: 7/7
  2279 | D:4      | HP: 1/50 [ogre/giant club (19)]
  2411 | D:4      | Reached XP level 8. HP: 15/56 MP: 8/8
  3232 | D:4      | Found a hide-covered altar of Uskayaw.
  3390 | D:4      | Found a white marble altar of Elyvilon.
  3390 | D:4      | Found a glowing golden altar of the Shining One.
  3390 | D:4      | Found an ancient bone altar of Kikubaaqudgha.
  3485 | D:5      | Entered Level 5 of the Dungeon
  3493 | D:5      | Noticed Sigmund
  3544 | D:5      | Killed Sigmund
  3544 | D:5      | Reached skill level 9 in Fighting
  3809 | D:5      | Found a glowing drain.
  3841 | Sewer    | Entered a sewer
  5266 | Sewer    | Noticed Purgy
  5279 | Sewer    | Killed Purgy
  5298 | Sewer    | Got an ichor-stained rapier
  5317 | Sewer    | Identified the cursed +1 rapier "Pubiros" {venom, +Rage rC- MR+ Str+2} (You found it in a sewer)
  5842 | D:5      | Found a glowing silver altar of Zin.
  5957 | D:5      | Reached XP level 9. HP: 60/60 MP: 9/9
  6359 | D:6      | Noticed Duvessa
  6359 | D:6      | Noticed Dowan
  6363 | D:6      | Reached skill level 1 in Short Blades
  6370 | D:6      | Killed Dowan
  6385 | D:6      | Killed Duvessa
  6424 | D:6      | Noticed tidbits's ghost (amateur GnSk)
  6453 | D:6      | Killed tidbits's ghost
  6529 | D:6      | Got a polished hand axe
  6530 | D:6      | Identified the +9 hand axe "Ronleng" {drain, *Corrode +Fly Int+2 Dex+2} (You found it on level 6 of the Dungeon)
  6753 | D:6      | Found a staircase to the Ecumenical Temple.
  6942 | D:6      | Reached skill level 1 in Axes
  7013 | D:6      | Reached XP level 10. HP: 46/66 MP: 10/10
  7459 | D:7      | Found Xyqeim's Antique Armour Shoppe.
  7495 | D:7      | Bought a pair of boots for 99 gold pieces
  7644 | D:7      | Found a sacrificial altar of Ru.
  7772 | D:7      | Found a sparkling altar of Nemelex Xobeh.
  7773 | D:7      | Found an opulent altar of Gozag.
  8066 | Temple   | Entered the Ecumenical Temple
  8131 | Temple   | Became a worshipper of Makhleb the Destroyer
  8218 | D:8      | Got a dazzling dagger
  8307 | D:8      | Identified the cursed +1 dagger "Aqacsu Tivicw" {flame, Str+7 Dex-2} (You found it on level 8 of the Dungeon)
  9132 | D:9      | Found a shadowy altar of Dithmenos.
  9397 | D:9      | HP: 5/102 [hornet (4)]
  9403 | D:9      | HP: 3/102 [killer bee (3)]
  9415 | D:9      | Reached * piety under Makhleb
  9415 | D:9      | Reached skill level 10 in Fighting
  9783 | D:9      | Reached XP level 11. HP: 55/72 MP: 11/11
  9808 | D:9      | Identified a scroll of acquirement
 10365 | D:10     | Entered Level 10 of the Dungeon
 10433 | D:10     | Found a staircase to the Orcish Mines.
 10526 | D:10     | Noticed Urug
 10540 | D:10     | Killed Urug
 10937 | D:10     | Reached ** piety under Makhleb
 11231 | D:10     | Noticed a centaur warrior
 11252 | D:10     | Killed a centaur warrior
 11464 | D:10     | Noticed an ogre mage
 11464 | D:10     | Noticed a centaur warrior
 11491 | D:10     | Killed a centaur warrior
 11491 | D:10     | Killed an ogre mage
 11491 | D:10     | Reached XP level 12. HP: 68/79 MP: 12/12
 11534 | D:10     | Identified Sif Muna's Tome of Air
 11538 | D:10     | Got a bloodstained hand crossbow
 11559 | D:10     | Identified the +4 hand crossbow "Ruofulan" {freeze, rElec} (You found it on level 10 of the Dungeon)
 11776 | D:11     | Noticed Amon001's ghost (journeyman DrCj)
 11817 | D:11     | Reached *** piety under Makhleb
 11853 | D:11     | Noticed a two-headed ogre
 11858 | D:11     | Reached skill level 11 in Fighting
 11870 | D:11     | Killed a two-headed ogre
 12165 | D:11     | Noticed Erica
 12185 | D:11     | Reached skill level 5 in Axes
 12542 | D:11     | Killed Erica
 12610 | D:11     | Noticed Squonk's ghost (journeyman HaHu)
 12620 | D:11     | Noticed n0claF's ghost (journeyman MiGl)
 12661 | D:11     | Killed Squonk's ghost
 12661 | D:11     | Reached skill level 10 in Stealth
 13551 | Orc:1    | Entered Level 1 of the Orcish Mines
 13591 | Orc:1    | Found Ygesch's Antique Armour Shoppe.
 13594 | Orc:1    | Noticed an orc warlord
 13594 | Orc:1    | Noticed an ettin
 13594 | Orc:1    | Noticed Nergalle
 13625 | Orc:1    | Slain by an ettin

Skill      XL: |  1  2  3  4  5  6  7  8  9 10 11 12 |
---------------+-------------------------------------+-----
Long Blades    | 2 5 7 |  7.4
Fighting       | 4 7 8 9 10 11 | 11.6
Dodging        | 4 5 6 |  6.7
Armour         | 6 7 8 9 |  9.4
Stealth        | 4 5 6 7 9 10 | 10.2
Shields        | 6 7 8 9 |  9.6
Short Blades   | 1 2 |  2.0
Axes           | 1 2 4 5 |  5.7

Action                   |  1- 3 |  4- 6 |  7- 9 | 10-12 || total
-------------------------+-------+-------+-------+-------++-------
Melee: Long sword        |   111 |   160 |   252 |       ||   523
       Rapier            |       |       |   143 |       ||   143
       Hand axe          |       |       |    62 |   701 ||   763
       Dagger            |       |       |       |   303 ||   303
  Use: Scroll            |       |     7 |     5 |     8 ||    20
       Potion            |       |     3 |     4 |     7 ||    14
 Stab: Sleeping          |       |       |     7 |       ||     7
       Invisible         |       |       |       |     1 ||     1
       Confused          |       |       |       |     3 ||     3
  Eat: Ration            |       |     1 |       |       ||     1
       Chunk             |       |     8 |    20 |    21 ||    49
Armor: Scale mail        |    72 |   104 |   104 |       ||   280
       Chain mail        |       |       |    59 |   641 ||   700
Dodge: Dodged            |    38 |    58 |   144 |   502 ||   742
Block: Shield            |    68 |    92 |   239 |   794 ||  1193
       Rpst.: Long sword |    15 |    18 |    20 |       ||    53
